 Dungeon Sprint DCSS version 0.24.1-14-gf8d2b509d9 (webtiles) character file.

Game seed: 6498330284131086778, levelgen mode: deterministic

8532 Chiseanne the Imperceptible (level 11, -1/49 HPs)
             Began as a Spriggan Assassin on June 2, 2020.
             Was a High Priest of Fedhas.
             Slain by a sun demon (24 damage)
             ... summoned by a kobold demonologist
             ... while paralysed by a floating eye
             ... in the Dungeon (Sprint I: "Red Sonja") on June 3, 2020.
             The game lasted 00:11:50 (981 turns).

Chiseanne the Imperceptible (Spriggan Assassin)      Turns: 981, Time: 00:11:50

Health: -1/49      AC:  5    Str:  7    XL:     11   Next: 11%
Magic:  5/19       EV:  4    Int: 13    God:    Fedhas [*****.]
Gold:   167        SH:  0    Dex: 19    Spells: 10/10 levels left

rFire    . . .     SeeInvis +   a - +9 dagger (elec)
rCold    . . .     Gourm    .   x - +1 buckler
rNeg     . . .     Faith    .   b - +0 robe
rPois    .         Spirit   .   q - +2 hat
rElec    .         Reflect  .   c - +0 cloak
rCorr    .         Harm     .   (gloves unavailable)
MR       +....     Rnd*Rage +   (boots unavailable) Stlth +++++++++.NoTele +
                                (no amulet)
HPRegen  0.16/turn              (no ring)
MPRegen  0.16/turn              (no ring)

@: paralysed, very quick
A: very small, unfitting armour, see invisible, berserk 1, clumsy 1, herbivore,
speed 3, low mp 1, slow metabolism 2
a: Wall of Briars, Grow Ballistomycete, Overgrow, Grow Oklob, Renounce Religion


You were in the Dungeon.
You worshipped Fedhas.
Fedhas was extremely pleased with you.
You were not hungry.

You visited 1 branch You collected 3327 gold pieces.
You spent 3160 gold pieces at shops.

Inventory:

Hand Weapons
 a - a +9 dagger of electrocution (weapon)
 o - the +8 scimitar of Azxur {drain, rN+ Str+6 Int-2, unknown}
   (You bought it in a shop in the Dungeon)

   A truly terrible weapon, it drains the life of those it strikes.
   It affects your strength (+6).
   It affects your intelligence (-2).
   It protects you from negative energy.
Missiles
 d - 8 poisoned darts
 i - 30 arrows
 m - 10 curare-tipped darts (quivered)
 u - 3 atropa-tipped darts
Armour
 b - a +0 robe (worn)
 c - a +0 cloak (worn)
 q - a +2 hat (worn)
 x - a +1 buckler (worn)
Wands
 e - a wand of digging (5)
 t - a wand of polymorph (8)
Scrolls
 l - 2 scrolls of blinking
 n - 13 scrolls of identify
 p - a scroll of remove curse
 s - 3 scrolls of fear
 B - a scroll of immolation
 C - 2 scrolls of fog
Potions
 g - 5 potions of curing
 h - 2 potions of heal wounds
 j - 2 potions of magic
 k - 2 potions of berserk rage
 r - 4 potions of might
 v - 2 potions of agility
 w - a potion of mutation
 z - a potion of cancellation
 A - a potion of brilliance
Comestibles
 f - 5 rations


   Skills:
 - Level 1.5 Fighting
 - Level 2.1 Short Blades
 - Level 2.0 Throwing
 * Level 21.3 Dodging
 * Level 23.3 Stealth
 * Level 0.5 Shields
 * Level 13.2 Invocations


You had 10 spell levels left.
You didn't know any spells.
Your spell library was empty.

Dungeon Overview and Level Annotations

Branches:
Dungeon (1/1)

Altars:
Cheibriados
Dithmenos
Elyvilon
Fedhas
Gozag
Hepliaklqana
Kikubaaqudgha
Makhleb
Nemelex Xobeh
Okawaru
Qazlal
Ru
Sif Muna
Trog
Uskayaw
Vehumet
Wu Jian
Xom
Yredelemnul
Zin
The Shining One
Jiyva
Lugonu

Shops:
D *(}?%!*(*%!**%[(**?[}


Innate Abilities, Weirdness & Mutations

You are very small and have problems with some larger weapons.
You are too small for most types of armour.
You have supernaturally acute eyesight. (SInv)
You are a herbivore.
You cover ground extremely quickly.
You need to consume almost no food.
You tend to lose your temper in combat.
You are clumsy. (Dex -2)
Your magical capacity is low. (-10% MP)


Message History

The kobold demonologist hits your burning bush but does no damage.
The floating eye gazes piercingly through you!
You suddenly lose the ability to move!
The kobold demonologist hits your oklob plant but does no damage.
Your oklob plant spits acid at the shadow imp.
The splash of acid hits the shadow imp!
The shadow imp is splashed with acid!
The acid corrodes the shadow imp!
The shadow imp dies!
Your burning bush throws fire at the kobold demonologist.
The puff of flame hits the white imp!
The white imp is burned terribly!
The sun demon hits you!
You are engulfed in flames!!
Your oklob plant spits acid at the sun demon.
The splash of acid hits the sun demon.
The sun demon is splashed with acid.
The acid corrodes the sun demon!
The kobold demonologist hits your burning bush but does no damage.
The white imp hits your burning bush but does no damage.
The kobold demonologist hits your oklob plant with a +0 dagger.
The sun demon hits you!!
You die...
Fedhas appreciates your contribution to the ecosystem.

#####
################PPP###***********
..'..#..'..#__#.@G5K.#,,*,,,,+,,,
).#.)'..#..'^.'.3PK3.#*+*,****,,,
####'#####'#__####...+,,*,*,***,,
###..#...#.####§§#####,,+,*+*,***
__####..##.#§§§§§#.§#*+****,,,*,*
_____##'#_.'§§≈.§'.§#,,,,,*,,,***
_.∩...§..._#≈§§§§#§§#,,,,,+,,,,,*
_..__##_.#'##§#####§###,,,*,,,,,*
___*_###'#.#.§§.###P§§#,,,***++**


You could see a sun demon, 2 kobold demonologists, a smoke demon, a floating
eye, a white imp, 2 friendly oklob plants and 3 friendly burning bushes.

Vanquished Creatures
  2 centaur warriors (D)
  Sonja (D)
  2 unseen horrors (D)
  A deep troll (D)
  8 shining eyes (D)
  A hornet (D)
  A slime creature (D)
  Sigmund (D)
  2 redbacks (D)
  A yak (D)
  4 floating eyes (D)
  An ogre (D)
  5 jellies (D)
  Ijyb (D)
31 creatures vanquished.

Vanquished Creatures (collateral kills)
  A floating eye (D)
  7 necrophages (D)
  3 jellies (D)
11 creatures vanquished.

Grand Total: 42 creatures vanquished

Notes
Turn   | Place    | Note
-------+----------+-------------------------------------------
     0 | D        | Chiseanne the Spriggan Assassin began the quest for the
                  | Orb.
     0 | D        | Reached XP level 1. HP: 10/10 MP: 2/2
     1 | D        | Noticed Ijyb
    17 | D        | Killed Ijyb
    17 | D        | Reached skill level 5 in Dodging
    17 | D        | Reached skill level 8 in Stealth
    17 | D        | Reached XP level 2. HP: 6/14 MP: 3/3
   213 | D        | Noticed an ogre
   216 | D        | Killed an ogre
   216 | D        | Reached skill level 11 in Stealth
   216 | D        | Reached XP level 3. HP: 18/18 MP: 4/4
   216 | D        | Reached XP level 4. HP: 22/22 MP: 5/5
   225 | D        | Noticed Sigmund
   246 | D        | Killed Sigmund
   246 | D        | Reached skill level 14 in Stealth
   246 | D        | Reached XP level 5. HP: 25/25 MP: 6/6
   246 | D        | Reached XP level 6. HP: 30/30 MP: 7/7
   366 | D        | Found a shimmering blue altar of Sif Muna.
   367 | D        | Found an ornate altar of the Wu Jian Council.
   368 | D        | Found a radiant altar of Vehumet.
   401 | D        | Found Cirint's Magic Scroll Emporium.
   401 | D        | Found an ancient bone altar of Kikubaaqudgha.
   401 | D        | Found a hazy altar of Hepliaklqana.
   401 | D        | Found a hide-covered altar of Uskayaw.
   401 | D        | Found a basalt altar of Yredelemnul.
   401 | D        | Found an opulent altar of Gozag.
   401 | D        | Found a snail-covered altar of Cheibriados.
   401 | D        | Found a sacrificial altar of Ru.
   401 | D        | Found a shadowy altar of Dithmenos.
   401 | D        | Noticed a yak
   403 | D        | Found a stormy altar of Qazlal.
   403 | D        | Found a blossoming altar of Fedhas.
   403 | D        | Found a bloodstained altar of Trog.
   403 | D        | Found an iron altar of Okawaru.
   403 | D        | Found a glowing silver altar of Zin.
   412 | D        | Killed a yak
   412 | D        | Reached skill level 15 in Stealth
   413 | D        | Found a glowing golden altar of the Shining One.
   413 | D        | Found a white marble altar of Elyvilon.
   416 | D        | Found a sparkling altar of Nemelex Xobeh.
   419 | D        | Became a worshipper of Fedhas Madash
   421 | D        | Bought a scroll of magic mapping for 45 gold pieces
   421 | D        | Bought a scroll of identify for 26 gold pieces
   421 | D        | Bought a scroll of blinking for 97 gold pieces
   427 | D        | Noticed Sonja
   431 | D        | Killed Sonja
   431 | D        | Reached skill level 15 in Dodging
   431 | D        | Reached skill level 17 in Stealth
   431 | D        | Reached skill level 5 in Invocations
   431 | D        | Reached XP level 7. HP: 33/33 MP: 7/12
   431 | D        | Reached XP level 8. HP: 37/37 MP: 7/13
   446 | D        | Found Dorun's Assorted Antiques.
   454 | D        | Bought a scroll labeled APIREE NOSI for 26 gold pieces
   454 | D        | Bought a scroll labeled HASHRU ERAC for 26 gold pieces
   454 | D        | Bought a smoky purple potion for 23 gold pieces
   454 | D        | Bought a scroll labeled JORUOS ASUCW for 26 gold pieces
   454 | D        | Bought a twisted bone wand for 104 gold pieces
   503 | D        | Noticed a deep troll
   507 | D        | Killed a deep troll
   507 | D        | Reached skill level 18 in Stealth
   517 | D        | Found Jut Ceri's Armour Emporium.
   524 | D        | Bought a +2 hat for 192 gold pieces
   556 | D        | Noticed a centaur warrior
   556 | D        | Noticed a centaur warrior
   558 | D        | Killed a centaur warrior
   558 | D        | Reached * piety under Fedhas
   558 | D        | Reached skill level 19 in Stealth
   558 | D        | Reached XP level 9. HP: 41/41 MP: 14/16
   559 | D        | Killed a centaur warrior
   559 | D        | Reached skill level 20 in Stealth
   593 | D        | Noticed an oklob plant
   600 | D        | Reached ** piety under Fedhas
   600 | D        | Reached skill level 10 in Invocations
   633 | D        | Bought a scroll of brand weapon for 260 gold pieces
   633 | D        | Bought a scroll of fear for 45 gold pieces
   633 | D        | Bought a scroll of identify for 26 gold pieces
   633 | D        | Bought a scroll of identify for 26 gold pieces
   633 | D        | Bought a scroll of identify for 26 gold pieces
   637 | D        | Bought a scroll of remove curse for 39 gold pieces
   657 | D        | Noticed a shining eye
   657 | D        | Noticed a shining eye
   657 | D        | Noticed a shining eye
   658 | D        | Noticed a shining eye
   658 | D        | Noticed a shining eye
   658 | D        | Noticed a shining eye
   670 | D        | Paralysed by a floating eye for 4 turns
   678 | D        | Gained mutation: You tend to lose your temper in combat. [a
                  | shining eye]
   683 | D        | Killed a shining eye
   683 | D        | Reached *** piety under Fedhas
   683 | D        | Reached skill level 21 in Stealth
   683 | D        | Reached XP level 10. HP: 46/46 MP: 17/19
   687 | D        | Noticed a shining eye
   687 | D        | Noticed a shining eye
   688 | D        | Killed a shining eye
   715 | D        | Killed a shining eye
   715 | D        | Reached **** piety under Fedhas
   723 | D        | Killed a shining eye
   730 | D        | Killed a shining eye
   730 | D        | Reached skill level 22 in Stealth
   736 | D        | Killed a shining eye
   736 | D        | Reached ***** piety under Fedhas
   743 | D        | Killed a shining eye
   747 | D        | Gained mutation: You are clumsy. (Dex -2) [a shining eye]
   748 | D        | Gained mutation: Your magical capacity is low. (-10% MP) [a
                  | shining eye]
   758 | D        | Killed a shining eye
   766 | D        | Found Qaanoot's Weapon Shoppe.
   766 | D        | Found Hanacs's Distillery.
   766 | D        | Found Gukkyiz's Gadget Emporium.
   767 | D        | Found Polidid's Food Shop.
   806 | D        | Noticed an unseen horror
   806 | D        | Noticed an unseen horror
   809 | D        | Killed an unseen horror
   810 | D        | Killed an unseen horror
   810 | D        | Reached skill level 23 in Stealth
   810 | D        | Reached XP level 11. HP: 49/49 MP: 10/19
   820 | D        | Paralysed by a floating eye for 2 turns
   845 | D        | Reached ****** piety under Fedhas
   892 | D        | Found Guast's Weapon Shoppe.
   892 | D        | Found Xidet's General Store.
   892 | D        | Found Noeheit's General Store.
   894 | D        | Found Qeola's Food Emporium.
   894 | D        | Found Pywaosch's Distillery.
   894 | D        | Found Ampo's General Store.
   894 | D        | Found Hudagiu's General Store.
   894 | D        | Found Kubenipt's Food Emporium.
   894 | D        | Found Xitafem's Antique Armour Shop.
   894 | D        | Found Inosesch's Antique Weapon Shoppe.
   896 | D        | Bought a potion of might for 48 gold pieces
   896 | D        | Bought a potion of agility for 48 gold pieces
   898 | D        | Bought a scroll of fear for 49 gold pieces
   898 | D        | Bought a potion of mutation for 112 gold pieces
   898 | D        | Found Pyackes's General Store.
   899 | D        | Found Quell's Magic Scroll Emporium.
   899 | D        | Found Zis Lec's Assorted Antiques.
   900 | D        | Bought 2 potions of degeneration for 24 gold pieces
   900 | D        | Bought a potion of cancellation for 96 gold pieces
   900 | D        | Bought a potion of brilliance for 48 gold pieces
   901 | D        | Identified a scroll of acquirement
   903 | D        | Found Pinlan's Gadget Emporium.
   904 | D        | Bought a scroll of enchant weapon for 105 gold pieces
   904 | D        | Bought a scroll of identify for 28 gold pieces
   904 | D        | Bought a potion of might for 56 gold pieces
   904 | D        | Bought a potion of might for 56 gold pieces
   906 | D        | Bought a scroll of identify for 24 gold pieces
   906 | D        | Bought a potion of might for 48 gold pieces
   906 | D        | Bought a scroll of enchant weapon for 90 gold pieces
   906 | D        | Bought 3 scrolls of enchant weapon for 270 gold pieces
   913 | D        | Bought an encrusted scimitar for 180 gold pieces
   914 | D        | Bought a buckler for 121 gold pieces
   921 | D        | Bought 2 scrolls of identify for 40 gold pieces
   921 | D        | Bought a ration for 50 gold pieces
   921 | D        | Bought a ration for 50 gold pieces
   921 | D        | Bought a ration for 50 gold pieces
   921 | D        | Bought a scroll of identify for 20 gold pieces
   922 | D        | Bought a scroll of enchant armour for 105 gold pieces
   922 | D        | Bought a scroll of immolation for 49 gold pieces
   922 | D        | Bought a scroll of identify for 28 gold pieces
   922 | D        | Bought a scroll of identify for 28 gold pieces
   922 | D        | Bought a scroll of identify for 28 gold pieces
   922 | D        | Bought a scroll of identify for 28 gold pieces
   922 | D        | Bought a scroll of fog for 28 gold pieces
   922 | D        | Bought a scroll of fear for 49 gold pieces
   922 | D        | Bought a scroll of fog for 28 gold pieces
   923 | D        | Bought a potion of agility for 84 gold pieces
   923 | D        | Bought a potion of heal wounds for 105 gold pieces
   958 | D        | Found a viscous altar of Jiyva.
   958 | D        | Found a corrupted altar of Lugonu.
   959 | D        | Found a burning altar of Makhleb.
   959 | D        | Found a shimmering altar of Xom.
   978 | D        | Noticed a sun demon
   980 | D        | Paralysed by a floating eye for 4 turns
   981 | D        | Slain by a sun demon

Levels and vault maps discovered:
D:        dungeon_sprint_1 [red_sonja_temple_1, red_sonja_temple_small_1]

Skill      XL: |  1  2  3  4  5  6  7  8  9 10 |
---------------+-------------------------------+-----
Dodging        | 5 9 12 15 17 19 21 | 21.3
Stealth        | 8 11 14 17 19 21 23 | 23.3
Invocations    | 5 8 10 13 | 13.2
Fighting       | |  1.5
Short Blades   | |  2.1
Throwing       | |  2.0
Shields        | |  0.5

Action                   |  1- 3 |  4- 6 |  7- 9 | 10-12 || total
-------------------------+-------+-------+-------+-------++-------
Melee: Dagger            |     7 |    10 |    15 |    39 ||    71
Throw: Dart              |     4 |    10 |     7 |     5 ||    26
Invok: Overgrow          |       |       |       |     2 ||     2
       Grow Oklob        |       |       |       |     3 ||     3
  Use: Scroll            |       |       |     8 |     7 ||    15
       Potion            |       |       |     2 |       ||     2
 Stab: Sleeping          |     1 |     2 |     6 |    13 ||    22
Armor: Robe              |       |       |       |     2 ||     2
Dodge: Dodged            |     5 |    12 |     3 |     2 ||    22
Block: Buckler           |       |       |       |     1 ||     1
